[Event "Vienna Championship-B 2022"]
[Site "Vienna"]
[Date "2022.09.20"]
[Round "4.5"]
[White "Iehl, William"]
[Black "Gratze, Michael"]
[Result "0-1"]
[ECO "E61"]
[WhiteElo "1781"]
[BlackElo "1954"]
[Annotator "TA"]
[PlyCount "78"]
[EventDate "2022.09.17"]
[EventType "swiss"]
[EventCountry "AUT"]
[SourceTitle "playchess.com"]
[Source "ChessBase"]
[SourceQuality "1"]
[TimeControl "5400+30"]

1. Nf3 Nf6 2. c4 g6 3. d4 Bg7 4. Nc3 O-O 5. Bg5 c5 6. d5 d6 7. e3 Na6 8. Be2 Nc7 9. Qc2 {[%emt 0:00:27] E61: King's Indian: Early deviations for White, including Smyslov System.} (9. Bh4 $14) 9... a6 10. a4 Bd7 11. a5 {[%emt 0:00:22] White is slightly better.} Rb8 12. O-O b5 13. axb6 $1 Rxb6 14. Ra2 Qb8 {[%emt 0:00:54] [#]} 15. Rb1 $146 ({Predecessor:} 15. h3 Qb7 16. Nd2 Nfxd5 17. cxd5 Nxd5 18. Bf3 Bc6 19. Nxd5 Bxd5 20. b3 Bxf3 21. gxf3 {0-1 (28) Flynn,J (1973)-Kennedy,J (2050) Dublin 2019}) 15... Qb7 16. Nd2 Rb8 17. b3 h6 18. Bh4 Ra8 19. Na4 Rb4 20. Nc3 ({White should try} 20. e4 $14) 20... Rb8 (20... Rb6 $1 $11) 21. f4 Re8 22. h3 Qc8 23. Kh2 g5 24. fxg5 (24. Be1 {is more complex.} gxf4 25. exf4 e6 26. Nde4) 24... Nfxd5 25. Nxd5 Nxd5 26. gxh6 (26. cxd5 $16 Rxh4 27. Bxa6) 26... Nxe3 $11 27. h7+ (27. Qd3 $1 $11 Bd4 28. Bf3) 27... Kh8 $17 {[%emt 0:00:08] Dancing on a razor blade. Black is much more active.} 28. Qd3 Nf5 29. Be1 Be5+ 30. Kg1 Nd4 $36 {[%emt 0:00:14][%mdl 2048] [#] aiming for ...Bf5. Black has strong initiative.} ({Don't do} 30... Kxh7 31. Nf3 $16) 31. Bh5 $2 (31. g4 $17) 31... Bf5 $19 32. Qf1 Bxh7 $2 (32... Bxb1 $19 {is more deadly.} 33. Nxb1 Rxb3) 33. Rd1 (33. Bg4 $17 f5 34. Bh5) 33... Rg8 {[%emt 0:00:48] Threatens to win with ...Qxh3.} 34. Kh1 Nf5 ({Worse is} 34... Nxb3 35. Nf3 $11) (34... Bf5 $19 {And now ...Rb8 would win.} 35. h4 f6) 35. Qf3 (35. Bg4 $17 {might work better.}) 35... Ng3+ 36. Bxg3 $2 (36. Kg1 {was the crucial defense.}) 36... Rxg3 37. Qxf7 {[%emt 0:00:30] [#]} Rxh3+ $1 38. gxh3 (38. Kg1 Bd4+) 38... Qxh3+ 39. Kg1 Bd4+ {[%emt 0:00:04] Weighted Error Value: White=0.78/Black=0.26 (precise)} (39... Qh2+ $142 40. Kf1 Bd3+ 41. Ke1 Bg3+ 42. Qf2 Bxf2#) 0-1

[Event "Vienna Championship-B 2022"]
[Site "Vienna"]
[Date "2022.09.20"]
[Round "4.7"]
[White "Bytyqi, Kujtim"]
[Black "Deak-Sala, Emilia"]
[Result "0-1"]
[ECO "E73"]
[WhiteElo "1862"]
[BlackElo "1787"]
[Annotator "NA COMBH"]
[PlyCount "54"]
[EventDate "2022.09.17"]
[EventType "swiss"]
[EventCountry "AUT"]
[SourceTitle "playchess.com"]
[Source "ChessBase"]
[SourceQuality "1"]
[TimeControl "5400+30"]

1. d4 Nf6 2. c4 g6 3. Nc3 Bg7 4. e4 d6 5. Be2 O-O 6. Be3 Nbd7 7. g4 c5 8. d5 Qa5 9. Qd2 Ne5 10. h3 Qb4 11. b3 Nfxg4 12. hxg4 Nf3+ 13. Nxf3 Bxc3 14. Ng5 f6 15. Nf3 Bxg4 16. Rc1 Bxd2+ 17. Bxd2 Qa3 18. Rc2 a5 19. Rh6 a4 20. Bc1 Qb4+ 21. Bd2 Qb6 22. bxa4 Qb1+ 23. Rc1 Qxe4 24. Rc3 Rxa4 25. Re3 Qb1+ 26. Bd1 Rxa2 27. Ke2 Qc1 0-1

[Event "Vienna Championship-B 2022"]
[Site "Vienna"]
[Date "2022.09.20"]
[Round "4.9"]
[White "Stinner, David"]
[Black "Reif, Werner"]
[Result "1/2-1/2"]
[WhiteElo "1823"]
[BlackElo "1747"]
[Annotator "NA COMBH"]
[PlyCount "128"]
[EventDate "2022.09.17"]
[EventType "swiss"]
[EventCountry "AUT"]
[SourceTitle "playchess.com"]
[Source "ChessBase"]
[SourceQuality "1"]
[TimeControl "5400+30"]

1. d4 d5 2. c4 e6 3. Nf3 Nf6 4. g3 Bb4+ 5. Bd2 a5 6. a3 Be7 7. Bg2 O-O 8. Qc2 dxc4 9. Qxc4 b6 10. Ne5 Ba6 11. Qc2 Ra7 12. Bc3 Nd5 13. O-O c5 14. Rd1 Nxc3 15. Nxc3 cxd4 16. e3 Qc7 17. exd4 Bb7 18. Be4 Bxe4 19. Qxe4 Qb7 20. Qxb7 Rxb7 21. Nb5 Nd7 22. Nc6 Nf6 23. Rac1 Nd5 24. Nxe7+ Rxe7 25. Rc6 h5 26. Nc3 Nxc3 27. bxc3 Rb8 28. Rb1 Reb7 29. Rb5 g6 30. f4 Kf8 31. Kf2 Ke7 32. Ke3 Kd7 33. Rc4 Rc7 34. Rxc7+ Kxc7 35. Ke4 Kc6 36. c4 f6 37. a4 Rb7 38. h3 Re7 39. c5 bxc5 40. dxc5 Rb7 41. Rxa5 Rb4+ 42. Kd3 Kd5 43. Ra6 Kxc5 44. Rxe6 Rb3+ 45. Ke2 Rxg3 46. a5 Rxh3 47. Rxf6 Rg3 48. a6 h4 49. Kf2 Kd4 50. Re6 Rg4 51. Rf6 Rg3 52. a7 Ra3 53. Rxg6 Rxa7 54. Kf3 Rh7 55. Rd6+ Kc5 56. Rd2 h3 57. Rh2 Kd5 58. Rd2+ Ke6 59. Kg3 Kf5 60. Rd5+ Kf6 61. Rd2 Kf5 62. Rh2 Rh8 63. Rxh3 Rxh3+ 64. Kxh3 Kxf4 1/2-1/2

[Event "Vienna Championship-B 2022"]
[Site "Vienna"]
[Date "2022.09.20"]
[Round "4.10"]
[White "Ginther, Tobias"]
[Black "Hirsch, Adolf Jun."]
[Result "0-1"]
[ECO "C08"]
[WhiteElo "1766"]
[BlackElo "1731"]
[Annotator "NA COMBH"]
[PlyCount "44"]
[EventDate "2022.09.17"]
[EventType "swiss"]
[EventCountry "AUT"]
[SourceTitle "playchess.com"]
[Source "ChessBase"]
[SourceQuality "1"]
[TimeControl "5400+30"]

1. e4 e6 2. d4 d5 3. Nd2 c5 4. exd5 exd5 5. Ngf3 Nf6 6. Bb5+ Bd7 7. Qe2+ Be7 8. dxc5 O-O 9. Bxd7 Nbxd7 10. Nb3 Re8 11. O-O Bxc5 12. Qd3 Bb6 13. Bg5 h6 14. Bh4 Qc7 15. Rfe1 Qc4 16. Qxc4 dxc4 17. Nbd4 g5 18. Nxg5 hxg5 19. Bxg5 Bxd4 20. c3 Bc5 21. h3 Rxe1+ 22. Rxe1 Re8 0-1

[Event "Vienna Championship-B 2022"]
[Site "Vienna"]
[Date "2022.09.20"]
[Round "4.14"]
[White "Kunschek, Horst"]
[Black "Pavlov, Alexander"]
[Result "0-1"]
[ECO "C44"]
[WhiteElo "1743"]
[BlackElo "1751"]
[Annotator "NA COMBH"]
[PlyCount "116"]
[EventDate "2022.09.17"]
[EventType "swiss"]
[EventCountry "AUT"]
[SourceTitle "playchess.com"]
[Source "ChessBase"]
[SourceQuality "1"]
[TimeControl "5400+30"]

1. e4 e5 2. Nf3 Nc6 3. d4 exd4 4. c3 dxc3 5. Nxc3 Bb4 6. Bc4 Bxc3+ 7. bxc3 h6 8. O-O Nge7 9. h3 O-O 10. Re1 d6 11. Be3 Ng6 12. Qc2 Nge5 13. Nxe5 Nxe5 14. Bb3 Qf6 15. f4 Nc6 16. e5 dxe5 17. fxe5 Qxe5 18. Bxh6 Qf6 19. Be3 Bf5 20. Qf2 Qg6 21. Kh2 Ne5 22. Qg3 Nd3 23. Rf1 Qxg3+ 24. Kxg3 Bg6 25. Rad1 Rad8 26. Bc2 Rfe8 27. Bg5 Rd5 28. Bxd3 Rxg5+ 29. Kf2 Bxd3 30. Rxd3 Rf5+ 31. Rf3 Rxf3+ 32. Kxf3 Re6 33. Rd1 Kf8 34. Rd4 Ke7 35. c4 Ra6 36. Rd2 c5 37. Rb2 b6 38. Ke4 Ke6 39. Rc2 Ra3 40. Kf4 f6 41. Re2+ Kd6 42. Rc2 g6 43. h4 Kc6 44. g4 a6 45. h5 gxh5 46. gxh5 Rh3 47. Kg4 Rh1 48. Rf2 b5 49. Rxf6+ Kb7 50. cxb5 axb5 51. Rf3 c4 52. Rh3 Rxh3 53. Kxh3 c3 54. h6 c2 55. Kg4 c1=Q 56. Kh5 Qh1+ 57. Kg6 Qg2+ 58. Kh7 Qxa2 0-1

[Event "Vienna Championship-B 2022"]
[Site "Vienna"]
[Date "2022.09.20"]
[Round "4.15"]
[White "Kern, Julian"]
[Black "Mayrhuber, Franz"]
[Result "1-0"]
[ECO "D35"]
[WhiteElo "1694"]
[BlackElo "1718"]
[Annotator "NA COMBH"]
[PlyCount "137"]
[EventDate "2022.09.17"]
[EventType "swiss"]
[EventCountry "AUT"]
[SourceTitle "playchess.com"]
[Source "ChessBase"]
[SourceQuality "1"]
[TimeControl "5400+30"]

1. d4 d5 2. c4 e6 3. Nc3 Nf6 4. cxd5 exd5 5. Bg5 c6 6. e3 h6 7. Bh4 Nbd7 8. Bd3 Be7 9. Nge2 O-O 10. O-O Re8 11. Rb1 a5 12. a3 Qc7 13. Bg3 Bd6 14. Qc2 Nh5 15. Nxd5 Qb8 16. Bxd6 Qxd6 17. Ndc3 Nf8 18. Ne4 Qe7 19. Qc5 Qxc5 20. Nxc5 Nf6 21. Ng3 Ne6 22. h3 Nxc5 23. dxc5 Re5 24. b4 axb4 25. axb4 Ra3 26. Bc4 Nd5 27. Bxd5 Rxd5 28. Rfd1 Be6 29. Rxd5 Bxd5 30. Ne2 Kf8 31. Nd4 g6 32. Ne2 Ke7 33. Nf4 Bc4 34. Rb2 Kf6 35. Rc2 Ba6 36. Rd2 h5 37. h4 Rb3 38. Rd4 Rb1+ 39. Kh2 Rb2 40. Kg3 Ke7 41. Nh3 Rc2 42. Ng5 Bc4 43. Ne4 Ba6 44. Nd6 Rb2 45. Re4+ Kf8 46. Rf4 f5 47. e4 Rb3+ 48. f3 Rxb4 49. exf5 Rxf4 50. Kxf4 Kg7 51. Kg5 gxf5 52. Nxf5+ Kf7 53. Nd6+ Ke6 54. Kxh5 Kd5 55. Ne4 Bd3 56. Kg5 Bf1 57. g4 Bg2 58. Kf4 Ke6 59. h5 Bf1 60. h6 Kf7 61. Kg5 Bd3 62. Nd6+ Kg8 63. Nxb7 Be2 64. f4 Bf3 65. Nd6 Bd5 66. f5 Kh7 67. f6 Kg8 68. f7+ Kh7 69. f8=Q 1-0

[Event "Vienna Championship-B 2022"]
[Site "Vienna"]
[Date "2022.09.20"]
[Round "4.16"]
[White "Stadlinger, Lukas"]
[Black "Powell, Joshua"]
[Result "1-0"]
[ECO "D00"]
[WhiteElo "1729"]
[BlackElo "1738"]
[Annotator "NA COMBH"]
[PlyCount "41"]
[EventDate "2022.09.17"]
[EventType "swiss"]
[EventCountry "AUT"]
[SourceTitle "playchess.com"]
[Source "ChessBase"]
[SourceQuality "1"]
[TimeControl "5400+30"]

1. d4 d5 2. Bf4 Bf5 3. Nc3 e6 4. f3 c6 5. g4 Bg6 6. h4 h6 7. e3 Nf6 8. Bd3 Bh7 9. Nge2 Nbd7 10. Qd2 c5 11. Bxh7 Nxh7 12. Nb5 e5 13. dxe5 a6 14. Nbc3 Nb6 15. O-O-O g5 16. Bg3 Nc4 17. Qd3 gxh4 18. Bxh4 Nxe5 19. Qf5 Qb8 20. Rxd5 Nc6 21. Qd7# 1-0

[Event "Vienna Championship-B 2022"]
[Site "Vienna"]
[Date "2022.09.21"]
[Round "5.2"]
[White "Bonk, Andras"]
[Black "Anastasakis, Georgios"]
[Result "1-0"]
[ECO "E67"]
[WhiteElo "2175"]
[BlackElo "1893"]
[Annotator "TA"]
[PlyCount "77"]
[EventDate "2022.09.17"]
[EventType "swiss"]
[EventCountry "AUT"]
[SourceTitle "playchess.com"]
[Source "ChessBase"]
[SourceQuality "1"]
[TimeControl "5400+30"]

1. c4 Nf6 2. Nc3 g6 3. Nf3 Bg7 4. g3 O-O 5. Bg2 d6 6. O-O Nbd7 7. d4 e5 8. h3 c6 9. dxe5 dxe5 10. Be3 Qe7 11. Qb3 Nh5 {[%emt 0:17:49] E67: King's Indian: Fianchetto: 6...Nbd7.} 12. c5 (12. Rad1 $11) 12... Kh8 $15 ({Much less strong is} 12... Nxc5 13. Qa3 b6 14. Na4 $16 (14. Ne4 f5 $11)) 13. Ne4 f5 {[%emt 0:10:44] Black is slightly better.} 14. Bg5 Nhf6 {[%emt 0:02:07] [#]} 15. Bxf6 $146 ({Predecessor:} 15. Nxf6 Nxf6 16. Qe3 e4 17. Nd2 Be6 18. Rfd1 Rfe8 19. Nb3 Qf8 20. Nd4 Bf7 21. Qa3 {0-1 (50) Carvalho,F-Gligoric,S Mar del Plata 1953}) 15... Nxf6 16. Nd6 Nd5 (16... e4 $15 17. Nd4 Nd5) 17. e4 $11 fxe4 18. Nxe4 Be6 19. Qa3 Nc7 20. Nd6 e4 ({Black should try} 20... b6 $15) 21. Nd2 e3 22. Qxe3 Qd7 23. h4 (23. N2e4 $14) 23... Bxb2 {[%emt 0:03:53] This bishop pair is nice.} 24. Rab1 Qg7 {[%emt 0:00:39] [#]} 25. Rxb2 Qxb2 26. Rb1 $36 {[%emt 0:00:05][%mdl 2048] White has the initiative.} Qf6 {[%emt 0:02:25] Loses the game.} (26... Qg7 $1 $11 {and Black has nothing to worry.}) 27. Rxb7 $18 Nd5 {[%emt 0:00:11] [#]} 28. Qh6 {[%emt 0:00:53][%csl Gb7][%cal Rh6h7] Dancing on a razor blade.} ({Resist} 28. Qe1 $6 Bf5 $14) 28... Qxf2+ $2 (28... Bg8 29. N2e4 Qa1+ 30. Kh2 Rab8) 29. Kh2 {[%emt 0:00:34][%csl Gb7][%cal Rh6h7] White is clearly winning.} Bf7 30. N2e4 Qe3 31. Ng5 Nf6 32. Ngxf7+ Rxf7 33. Nxf7+ Kg8 34. Qxe3 ({Don't go for} 34. Rb8+ $2 Rxb8 35. Qxe3 Ng4+ 36. Kh3 Nxe3 $19) 34... Ng4+ 35. Kh3 {[%emt 0:02:06] Intending Nh6+ and mate.} Nxe3 36. Bxc6 Rc8 37. Ne5 Nf5 38. Bd5+ Kh8 39. Nf7+ {[%emt 0:00:20] Weighted Error Value: White=0.10 (very precise) /Black=0.29 (precise)} 1-0

[Event "Vienna Championship-B 2022"]
[Site "Vienna"]
[Date "2022.09.21"]
[Round "5.3"]
[White "Deak-Sala, Emilia"]
[Black "Zetthofer, Gerald"]
[Result "1-0"]
[ECO "D02"]
[WhiteElo "1787"]
[BlackElo "2153"]
[Annotator "TA"]
[PlyCount "65"]
[EventDate "2022.09.17"]
[EventType "swiss"]
[EventCountry "AUT"]
[SourceTitle "playchess.com"]
[Source "ChessBase"]
[SourceQuality "1"]
[TimeControl "5400+30"]

1. d4 Nf6 2. Bf4 d5 3. e3 c5 4. c3 e6 5. Nf3 Nc6 6. Nbd2 Be7 {[%emt 0:03:42] 6...Nh5 is setting a new trend.} 7. Bb5 {[%emt 0:01:57] D02: 1 d4 d5 2 Nf3 sidelines, including 2...Nf6 3 g3 and 2...Nf6 3 Bf4.} Qb6 8. Bxc6+ bxc6 9. Qb3 {[%emt 0:02:50] Black has an edge.} Ba6 10. Ne5 Rc8 11. Qxb6 axb6 {[%emt 0:00:12] [#]} 12. a4 $146 ({Predecessor:} 12. dxc5 Bxc5 13. Nb3 Be7 14. Nd4 Bb7 15. O-O Nd7 16. Nxd7 Kxd7 17. Rfd1 Ra8 18. a3 {½-½ (81) Rousseau,M (1867)-Diaz Hernandez,A Tornelo INT 2021}) 12... Nh5 13. a5 Nxf4 (13... f6 $15 14. Nef3 bxa5 15. Rxa5 Ra8 16. dxc5 Nxf4 17. exf4 Kd7) 14. exf4 $11 b5 15. Rc1 $2 {[%emt 0:17:58] [#]} (15. dxc5 $11 Bxc5 16. b4) 15... c4 (15... b4 $1 $17 16. dxc5 f6) 16. b4 $1 cxb3 17. Nxb3 b4 18. Kd2 bxc3+ 19. Kxc3 Bb5 20. Nd3 Rb8 {[%emt 0:03:48] [#] And now ...Bxd3 would win.} 21. Ndc5 g5 22. fxg5 Bxg5 {[%emt 0:00:09] A strong pair of Bishops.} 23. Rce1 Ke7 24. g3 Kd6 25. f4 Bf6 26. Re3 h5 27. Rhe1 {[%emt 0:03:04][%cal Re3e6] Black must now prevent Rxe6+!} Rhe8 28. f5 {[%emt 0:00:46][%cal Rf5e6] The board is on fire.} Bc4 $2 {[%emt 0:03:56][%mdl 8192] Loses the game.} ({Better is} 28... e5 $14 29. Rxe5 Bxe5 30. dxe5+ Kc7) 29. fxe6 $18 (29. Nd2 Bd8 30. Nxc4+ dxc4 $18) 29... Bxb3 (29... Bg5 $142 30. Rf3 (30. Re5 f6 $18) 30... f5 31. Rxf5 Bd8 32. Ne4+ dxe4 33. Kxc4 Rb5) 30. exf7 ({Inferior is} 30. Nxb3 fxe6 31. Rf1 Bh8 $15) 30... Bxd4+ 31. Kxd4 {[%emt 0:00:21] Re6+ would kill now.} Rb4+ 32. Kc3 Rc4+ 33. Kb2 {[%emt 0:01:28] Weighted Error Value: White=0.17 (very precise) /Black=0.80} 1-0

[Event "Vienna Championship-B 2022"]
[Site "Vienna"]
[Date "2022.09.21"]
[Round "5.4"]
[White "Gratze, Michael"]
[Black "Andresen, Erik"]
[Result "0-1"]
[ECO "E63"]
[WhiteElo "1954"]
[BlackElo "1879"]
[Annotator "TA"]
[PlyCount "152"]
[EventDate "2022.09.17"]
[EventType "swiss"]
[EventCountry "AUT"]
[SourceTitle "playchess.com"]
[Source "ChessBase"]
[SourceQuality "1"]
[TimeControl "5400+30"]

1. Nf3 Nf6 2. c4 g6 3. d4 Bg7 4. g3 O-O 5. Bg2 d6 6. Nc3 a6 7. O-O Nc6 8. b3 {[%emt 0:00:10] 8.Bf4 is the recent fashion.} Rb8 9. Nd5 Nd7 {[%emt 0:11:58] E63: King's Indian: Fianchetto: Panno Variation with 7...a6.} 10. Bb2 e6 11. Nc3 b5 {[%emt 0:01:30] The position is equal.} 12. cxb5 axb5 13. d5 Ne7 14. dxe6 fxe6 15. Nd4 Nc5 16. b4 {[%emt 0:02:18] [#]} Na4 $146 ({Predecessor:} 16... Na6 17. a3 c5 18. bxc5 dxc5 19. Nf3 Qa5 20. Qc2 b4 21. Ne4 b3 22. Qc1 Nd5 23. Bxg7 Kxg7 {1-0 (47) Arkell,K (2497)-Eames,R (2237) England 2015}) 17. Nxa4 bxa4 18. Qxa4 c5 19. Nc6 Nxc6 20. Bxg7 Rxb4 21. Qc2 Kxg7 22. Bxc6 Qb6 23. Bf3 Rb2 24. Rfb1 Rxc2 25. Rxb6 d5 26. a4 Rf7 27. a5 (27. Rc6 $5 Bd7 28. Rd6 $11) 27... Ra7 28. a6 Kf7 (28... c4 $11) 29. e4 $16 d4 30. e5 d3 31. Bd1 $1 Rc3 32. Rc6 {[%emt 0:00:16] [#]} (32. Kf1 $1 $16) 32... Bd7 ({Better is} 32... d2 $1 $11 33. Ra2 (33. Rxc8 $2 Rc1 $19) 33... Rc1 34. Rxd2 Bxa6) 33. Rd6 $14 {[%emt 0:00:01] Kf1 is the strong threat.} Bb5 $1 34. Kg2 {[%emt 0:01:59] Hoping for Rb6.} Bc4 35. Bf3 Rc2 36. Rb6 {[%emt 0:01:00] Black must now prevent Rb7+.} Bd5 {[%emt 0:00:00] [#] Against Rb7+} (36... d2 $1 $11 {keeps the balance.} 37. Rb7+ Kf8 38. Rxa7 Rc1 39. Ra8+ Ke7 40. Ra7+ Kf8 41. Ra8+ Ke7 42. Ra7+ Kf8) 37. Rab1 (37. Bxd5 exd5 38. Rab1 d2 39. Rb7+ Ke6 40. Rxa7 Rc1 41. Rb6+ Kxe5 42. Re7+ Kd4 $17) (37. Rb7+ $1 $16 Bxb7 38. axb7 Rxb7 39. Bxb7) 37... d2 38. Bxd5 $2 (38. Rb7+ $1 $11 Rxb7 39. axb7) 38... exd5 $11 {[%emt 0:00:00][%mdl 4096] Endgame KRR-KRR} 39. Rb7+ Ke6 $1 40. Rxa7 Rc1 41. Rb6+ Kxe5 42. Re7+ Kd4 {[%emt 0:00:00][%mdl 1024] Black has strong compensation.} 43. a7 d1=Q $4 (43... Ra1 $17 44. Rd6 d1=Q 45. Rxd5+ Kxd5 46. Rd7+ Ke4 47. Rxd1 Rxa7) 44. a8=Q $18 {[%emt 0:00:03] Strongly threatening Rd6.} Qf1+ 45. Kf3 Rc3+ 46. Kg4 {[%emt 0:00:13] White threatens Qh8+ and mate.} Qd1+ 47. Kg5 ({Worse is} 47. Kh3 Qh5+ 48. Kg2 Qf3+ 49. Kh3 Qh5+ 50. Kg2 Qf3+ 51. Kh3 Qh5+ $11) 47... Qh5+ 48. Kf6 {[%emt 0:00:08] Threatening mate with Qa4+.} g5 49. Kg7 (49. Qa4+ $142 c4 50. Kg7 Qf3 51. Rb2 Kd3 52. Qa2 Rc2 53. Rxc2 c3 54. Rxc3+ $3 Kxc3 55. Qa3+ Kd4 56. Qxf3) 49... g4 50. Qh8 (50. Qa4+ $142 c4 51. Qa7 Qe5+ 52. Rf6+ Kd3 53. Rxe5 Rb3 54. Rfe6 d4 55. Re2) 50... Kc4 51. Qxh7 Qg5+ 52. Kf8 {[%emt 0:00:15] aiming for Qb1.} Rf3+ 53. Ke8 {[%emt 0:00:19] White wants to mate with Qc2+.} Rxf2 54. Re1 Rf8+ 55. Kxf8 Qd8+ 56. Re8 Qxb6 57. Qc2+ Kd4 58. Qf2+ Kc4 59. Qe2+ Kd4 60. Qe5+ Kc4 61. Qf4+ d4 62. Qc1+ Kd3 63. Qd1+ Kc3 64. Qe1+ Kd3 65. Qe4+ Kc3 66. Qxg4 Qf6+ 67. Kg8 c4 68. Ra8 Qd6 69. Rf8 $2 (69. Qf5) 69... Qd5+ 70. Kh7 d3 {[%emt 0:00:01] [#]} 71. Qg7+ $2 ({White has to play} 71. Rf1 $1 $18 {[%cal Rf1c1] Threatens to win with Rc1+.} d2 72. Qd1) 71... Kc2 $11 72. Rf2+ d2 73. Qa7 c3 74. Qa4+ Kd3 75. Qa6+ Kc2 {[%emt 0:00:23] And now ...Qd3+ would win. Really sharp!} 76. Qf1 $2 (76. Qa4+ $11 Qb3 77. Qd4) 76... Qd3+ {[%emt 0:00:16] Both players deserved the win here.  Weighted Error Value: White=0.25 (precise) /Black=0.40} ({Not} 76... Qh5+ 77. Kg7 $17) 0-1

[Event "Vienna Championship-B 2022"]
[Site "Vienna"]
[Date "2022.09.21"]
[Round "5.5"]
[White "Obenaus, Paul"]
[Black "Schwabeneder, Alois"]
[Result "1-0"]
[ECO "A55"]
[WhiteElo "1825"]
[BlackElo "1911"]
[Annotator "TA"]
[PlyCount "81"]
[EventDate "2022.09.17"]
[EventType "swiss"]
[EventCountry "AUT"]
[SourceTitle "playchess.com"]
[Source "ChessBase"]
[SourceQuality "1"]
[TimeControl "5400+30"]

1. d4 Nf6 2. c4 d6 3. Nc3 Nbd7 4. e4 e5 5. Nf3 Be7 6. Be2 a6 {[%emt 0:01:18] A55: Old Indian Defence with Nf3 and e4.} 7. O-O O-O 8. Re1 {[%emt 0:00:20] [#]} exd4 $146 {[%emt 0:10:16] White is slightly better.} ({Predecessor:} 8... c6 9. a3 Re8 10. Bf1 a5 11. Rb1 exd4 12. Nxd4 Bf8 13. b4 axb4 14. axb4 h6 15. h3 Nb6 16. Bf4 Nfd7 17. Qb3 Ne5 18. Rbd1 {1-0 (45) Evdokimov,A (2555)-Roy Chowdhury,S (2405) Dubai 2012}) 9. Nxd4 Nc5 10. Bf1 Bg4 11. f3 Bd7 12. b4 Ne6 {[%emt 0:06:24] [#]} 13. Nf5 $1 {[%emt 0:01:02] White is more active.} Re8 14. Nxe7+ Rxe7 15. Be3 Re8 16. Qd2 Bc6 17. Rad1 b6 18. Qc2 a5 19. e5 (19. b5 $142 Bd7 20. h3) 19... axb4 $16 20. Nb5 Nh5 (20... Nd7 $16) 21. exd6 $18 cxd6 22. Nxd6 {[%emt 0:03:42] [#] And now Qf5 would win.} Ba4 23. Qf5 (23. Nxe8 Bxc2 24. Rxd8 Rxd8 $11) 23... Nf6 (23... Qe7 {was called for.} 24. Qxh5 (24. Nxe8 Bxd1 25. Rxd1 g6 $18) 24... Bxd1 25. Rxd1 (25. Nxe8 Bc2 $18) 25... Red8) 24. Nxe8 Bxd1 (24... Qxe8 25. Rb1 (25. Bxb6 Bxd1 26. Rxd1 Rxa2 $16) 25... Nd7) 25. Nxf6+ gxf6 26. Bd3 Ba4 27. Qxh7+ Kf8 28. Bf5 {[%emt 0:04:10] Threatening mate with Bh6+.} Bd7 29. Bf4 {[%emt 0:01:37] White wants to mate with Bd6+.} Ke7 {[%emt 0:02:51] Inhibits Bd6+.} (29... Bc8 $142 30. Be3 Ra3) 30. Bd2 {[%emt 0:03:18] This bishop pair is nice.} Ra4 31. Bc2 Bc6 32. Rd1 ({Not} 32. Bxa4 Qxd2 33. Qh4 (33. Rxe6+ $2 Kxe6 34. Qh3+ Ke7 $19) 33... Bxa4 $11) 32... Qd6 33. Bb3 {[%emt 0:03:07] Threatens to win with Be1.} Ra5 34. Be3 Qc7 (34... Qe5 $142 35. Bxb6 Qf5) 35. Qd3 {[%emt 0:00:58][%cal Oc4c5] aiming for c5!} Rh5 36. h3 Bxf3 37. gxf3 {[%emt 0:02:49] Dancing on a razor blade.} Qg3+ 38. Kf1 Qxh3+ 39. Ke1 {[%emt 0:00:22] Black must now prevent Qd6+.} (39. Ke2 {is a self mate.} Qg2+ 40. Bf2 Nf4+ 41. Ke3 Nxd3 42. Rxd3 Re5+ 43. Kd2 Qxf2+ 44. Kc1 Rh5 45. Rd2 Qe3 46. Bc2 Rh1+ 47. Bd1 Re1 48. Kc2 Qc3+ 49. Kb1 Qxd2 50. a4 Rxd1#) 39... Qg2 (39... Qg3+ $18 40. Kd2 (40. Bf2 Re5+ 41. Kd2 Qxf2+ 42. Kc1 Qe3+ 43. Rd2 Qxd3 $17) 40... Nc5) 40. Qd6+ Ke8 41. Ba4+ {[%emt 0:00:09] Weighted Error Value: White=0.57/Black=0.69} 1-0

[Event "Vienna Championship-B 2022"]
[Site "Vienna"]
[Date "2022.09.21"]
[Round "5.6"]
[White "Pantelic, Slobodan"]
[Black "Kummer, Helmut"]
[Result "0-1"]
[ECO "D02"]
[WhiteElo "1596"]
[BlackElo "2203"]
[Annotator "TA"]
[PlyCount "78"]
[EventDate "2022.09.17"]
[EventType "swiss"]
[EventCountry "AUT"]
[SourceTitle "playchess.com"]
[Source "ChessBase"]
[SourceQuality "1"]
[TimeControl "5400+30"]

1. Nf3 d5 2. d4 c6 3. Bf4 Bf5 4. e3 e6 5. h3 Nf6 6. Be2 h6 7. Nbd2 Nbd7 {[%emt 0:01:54] D02: 1 d4 d5 2 Nf3 sidelines, including 2...Nf6 3 g3 and 2...Nf6 3 Bf4.} 8. O-O Be7 9. a4 O-O {[%emt 0:00:18] [#] The position is equal.} 10. c4 $146 ({Predecessor:} 10. a5 Bh7 11. Nb3 Ne4 12. c4 g5 13. Bh2 f5 14. a6 b6 15. cxd5 cxd5 16. Bb5 {½-½ (46) Wagner,F (2174)-Walter,F (2092) Nuremberg 2012}) 10... Re8 11. Ne5 Nxe5 12. Bxe5 Nd7 13. Bh2 Bf6 14. Nf3 Nb6 15. Qb3 dxc4 16. Bxc4 Nxc4 17. Qxc4 Qd5 18. Qxd5 exd5 19. b4 {[%emt 0:00:12] [#]} (19. Ra3 $11 {remains equal.}) 19... a5 ({Black should play} 19... Be7 $1 $17 20. Rfc1 Bxb4) 20. Bd6 $15 Ra6 {[%emt 0:14:58] With the idea ...axb4.} 21. bxa5 Rxa5 22. Bc7 Ra6 $36 {[%emt 0:01:21][%mdl 2048] Black has some pressure.} 23. a5 c5 24. Bb6 c4 25. Rfc1 ({White should try} 25. Ne5 $15) 25... Bd8 $17 {[%emt 0:00:00] Black is more active.} 26. Ne5 (26. g4 $142 Bh7 27. Bxd8 Rxd8 28. Nd2) 26... Bxb6 $19 27. axb6 Rxb6 28. Ra5 Be6 (28... Rc8 $19 {...c3 is the strong threat.} 29. g4 Rb1 30. Rxb1 Bxb1) 29. e4 $17 Rd8 ({Stronger than} 29... dxe4 30. d5 Bxh3 31. Nxc4 $17) 30. exd5 Rxd5 ({Much weaker is} 30... Bxd5 $6 31. Nxc4 Rc6 32. Rc5 $11) 31. Nxc4 {[%emt 0:00:05] [#]} Rc6 $1 {[%emt 0:00:00] Strongly threatening ...Rxa5.} 32. Rxd5 {[%emt 0:00:06][%mdl 8192] White does not recover from this.} (32. Raa1 $17) 32... Bxd5 $19 33. Rc3 Rxc4 34. Rxc4 Bxc4 {[%emt 0:05:00] KB-KP. Black mates.} 35. f3 Kf8 36. Kf2 Ke7 37. h4 b5 38. Ke3 b4 39. Kd2 Kd6 {Weighted Error Value: White=0.56/Black=0.11 (very precise)} 0-1